 Dungeon Crawl Stone Soup version 0.26.1 (webtiles) character file.

Game seed: 13057854632435145241

48 sizableburger the Digger (level 4, 0/30 HPs)
             Began as a Human Earth Elementalist on Feb 5, 2021.
             Slain by a hobgoblin
             ... wielding a +0 club
              (7 damage)
             ... on level 2 of the Dungeon.
             The game lasted 00:06:19 (2545 turns).

sizableburger the Digger (Human Earth Elementalist) Turns: 2545, Time: 00:06:19

Health: 0/30       AC:  3    Str:  9    XL:     4   Next: 0%
Magic:  0/7        EV: 12    Int: 16    God:
Gold:   65         SH:  0    Dex: 13    Spells: 1/7 levels left

rFire    . . .     SeeInvis .   (no weapon)
rCold    + . .     Faith    .   (no shield)
rNeg     . . .     Spirit   .   c - +0 robe
rPois    .         Reflect  .   e - +0 helmet
rElec    .         Harm     +   d - scarf {harm}
rCorr    .         Rampage  .   (no gloves)
Will     .....                  (no boots)
Stlth    ++........             (no amulet)
HPRegen  0.10/turn              j - ring of protection from cold
MPRegen  0.10/turn              (no ring)

@: no status effects
A: no striking features
a: no special abilities


You were on level 2 of the Dungeon.
You visited 1 branch of the dungeon, and saw 2 of its levels.

You collected 65 gold pieces.

Inventory:

Missiles
 b - 6 stones
Armour
 c - a +0 robe (worn)
 d - a scarf of harm (worn)
 e - a +0 helmet (worn)
Jewellery
 j - a ring of protection from cold (left hand)
Scrolls
 a - a scroll of identify {unknown}
 g - a scroll of noise {unknown}
 h - a scroll of amnesia {unknown}
Potions
 f - a potion of degeneration {unknown}
 i - a potion of heal wounds {unknown}
 k - a potion of brilliance {unknown}
 l - 2 potions of mutation {unknown}


   Skills:
 - Level 2.3 Dodging
 - Level 2.0 Stealth
 + Level 0.1 Unarmed Combat
 - Level 2.2 Spellcasting
 + Level 0.8 Conjurations
 - Level 2.0 Transmutations
 + Level 3.5 Earth Magic


You had one spell level left.
You knew the following spells:

 Your Spells              Type           Power        Failure   Level
a - Sandblast             Erth           26%          4%          1
b - Passwall              Tmut/Erth      8%           10%         2
c - Stone Arrow           Conj/Erth      16%          26%         3

Your spell library contained the following spells:

 Spells                   Type           Power        Failure   Level
 Petrify                  Tmut/Erth      10%          54%         4
 Lee's Rapid Deconstruct  Erth           6%           80%         5


Dungeon Overview and Level Annotations

Branches:
Dungeon (2/15)

Altars:


Message History

The hobgoblin hits you but does no damage.
You closely miss the hobgoblin.
The hobgoblin is severely wounded.
The hobgoblin completely misses you.
You hit the hobgoblin.
The hobgoblin is almost dead.
You barely miss the hobgoblin.
The hobgoblin is almost dead.
The hobgoblin hits you but does no damage.
You closely miss the hobgoblin.
The hobgoblin is almost dead.
The hobgoblin hits you with a +0 club.
* * * LOW HITPOINT WARNING * * *
You barely miss the hobgoblin.
The hobgoblin is almost dead.
The hobgoblin closely misses you.
You closely miss the hobgoblin.
The hobgoblin is almost dead.
The hobgoblin hits you with a +0 club.
You die...

#######
#.#.........#
#.#.#.#.....#
######.#..<#.###.#
#.......##...###.#
#.......+......#.#
#.......###....#.#
####.......#
#....#.#
#.........>#
#..###.#
#..........# ##@#
#.# ##...[...####
#g###.# .'.......#
#..##.# ##.......#
##.##.#####
###+######
#.#......# #
#.#......# #
#........# #
##.......# #
#.......###..


You could see a hobgoblin.

Vanquished Creatures
  A worm (D:2)
  2 dart slugs (D:1)
  2 leopard geckos
  A ball python (D:2)
  5 bats (D:1)
  2 giant cockroaches (D:1)
  A goblin (D:2)
  A hobgoblin (D:1)
  11 jackals
  2 kobolds
  A quokka (D:2)
  A frilled lizard (D:1)
  4 rats (D:1)
34 creatures vanquished.

Notes
Turn   | Place    | Note
-------+----------+-------------------------------------------
     0 | D:1      | sizableburger the Human Earth Elementalist began the quest
                  | for the Orb.
     0 | D:1      | Reached XP level 1. HP: 13/13 MP: 3/3
   282 | D:1      | Reached XP level 2. HP: 19/19 MP: 3/5
   306 | D:1      | Learned a level 2 spell: Passwall
   865 | D:1      | Reached XP level 3. HP: 24/24 MP: 4/6
   925 | D:1      | Learned a level 3 spell: Stone Arrow
  2521 | D:2      | Reached XP level 4. HP: 16/30 MP: 0/7
  2545 | D:2      | Slain by a hobgoblin

Illustrated notes

Levels and vault maps discovered:
D:1:      dpeg_arrival_tiny_k, layout_basic
D:2:      minmay_thinvault, layout_basic

Skill      XL: |  1  2  3 |
---------------+----------+-----
Transmutations | 2 |  2.0
Dodging        | |  2.3
Stealth        | |  2.0
Unarmed Combat | |  0.1
Spellcasting   | |  2.2
Conjurations   | |  0.8
Earth Magic    | |  3.5

Action                   |  1- 3 |  4- 6 || total
-------------------------+-------+-------++-------
Melee: Unarmed           |    51 |    13 ||    64
 Cast: Sandblast         |    32 |     2 ||    34
       Stone Arrow       |    11 |       ||    11
       Passwall          |     1 |       ||     1
Armor: Robe              |    24 |     1 ||    25
Dodge: Dodged            |    65 |     5 ||    70
